 Dungeon Sprint DCSS version 0.21-a0-352-g5b8f553 (webtiles) character file.

94211 Kidiri the Slayer (level 15, -2/246 (255) HPs)
             Began as a Yellow Draconian Berserker on Oct 10, 2017.
             Was an Elder of Trog.
             Engulfed by a cloud of poison gas (4 damage)
             ... in the Dungeon (Sprint III: "The Ten Rune Challenge").
             The game lasted 01:10:11 (11914 turns).

Kidiri the Slayer (Yellow Draconian Berserker)     Turns: 11914, Time: 01:10:12

HP:   -2/246 (255)  AC: 18    Str: 32    XL:     15   Next: 26%
MP:   15/15         EV: 31    Int: 11    God:    Trog [****..]
Gold: 615           SH:  0    Dex: 21    Spells: 14/14 levels left

rFire    + + .     SeeInvis .   a - +0 great mace of Bofi {crush, rF+ rC- rN+ Dex+3}
rCold    + + .     Gourm    .   (shield currently unavailable)
rNeg     + . .     Faith    .   (armour unavailable)
rPois    .         Spirit   .   t - +2 hat {Int+3}
rElec    .         Reflect  .   z - +0 cloak
rCorr    +         Harm     .   v - +3 pair of gauntlets of War {Slay+5}
MR       ++...     NoTele   +   d - +1 pair of boots
Stlth    ..........             (no amulet)
HPRegen  0.51/turn              J - ring "Gicsadoy" {rC+ Str+2 Dex+3}
MPRegen  0.14/turn              I - ring of the Komtur {rF+ rC+ MR+ Dex+2}

@: berserking, lethally poisoned (-2 -> -90), very quick
A: spit acid, acid resistance, unfitting armour, stinger 1, agile 1, cold
resistance 1, sense surroundings 1, acidic bite, cold-blooded, subdued magic 1,
AC +9
}: 1/10 runes: serpentine
a: Breathe Acid, Berserk, Trog's Hand, Brothers in Arms, Burn Spellbooks,
Renounce Religion


You were in the Dungeon.
You worshipped Trog.
Trog was greatly pleased with you.
You were very hungry.

You visited 1 branch You collected 2171 gold pieces.
You spent 1556 gold pieces at shops.

Inventory:

Hand Weapons
 a - the +0 great mace of Bofi (weapon) {crush, rF+ rC- rN+ Dex+3}
   (You found it in the Dungeon)

   It inflicts extra damage upon your enemies.
   It affects your dexterity (+3).
   It protects you from fire.
   It makes you vulnerable to cold.
   It protects you from negative energy.
Missiles
 f - 10 javelins of returning
 g - 4 poisoned javelins
 r - 7 throwing nets
 u - 4 javelins
 w - 10 steel javelins (quivered)
 x - 20 silver javelins
 y - 6 javelins of penetration
Armour
 d - a +1 pair of boots (worn)
 t - a +2 hat of intelligence (worn)
 v - the +3 pair of gauntlets of War (worn) {Slay+5}
   (You bought it in a shop in the Dungeon)

   It affects your accuracy and damage with ranged weapons and melee attacks
   (+5).
 z - a +0 cloak (worn)
Jewellery
 I - the ring of the Komtur (right hand) {rF+ rC+ MR+ Dex+2}
   (You found it in the Dungeon)

   [ring of protection from magic]

   It affects your dexterity (+2).
   It protects you from fire.
   It protects you from cold.
   It affects your resistance to hostile enchantments.
 J - the ring "Gicsadoy" (left hand) {rC+ Str+2 Dex+3}
   (You found it in the Dungeon)

   [ring of strength]

   It affects your strength (+2).
   It affects your dexterity (+3).
   It protects you from cold.
Wands
 i - a wand of random effects (38/48)
 k - a wand of polymorph (16/24)
 B - a wand of iceblast (4/15)
 H - a wand of lightning (6/15)
Scrolls
 h - a scroll of blinking
 j - a scroll of torment
 l - 2 scrolls of silence {unknown}
 o - a scroll of immolation {unknown}
 p - 2 scrolls of enchant weapon {unknown}
Potions
 e - a potion of resistance {unknown}
 n - 2 potions of flight
 q - 3 potions of berserk rage
 s - a potion of haste
 A - 3 potions of magic
 C - a potion of might
 E - 2 potions of mutation
 F - a potion of agility {unknown}
Comestibles
 b - a chunk of flesh
 m - 20 royal jellies


   Skills:
 * Level 25.5 Fighting
 * Level 24.0 Maces & Flails
 + Level 14.8 Throwing
 * Level 21.0 Dodging
 - Level 2.1 Stealth


You had 14 spell levels left.
You didn't know any spells.

Dungeon Overview and Level Annotations

Branches:
Dungeon (1/1)

Altars:
Cheibriados
Dithmenos
Elyvilon
Fedhas
Gozag
Hepliaklqana
Kikubaaqudgha
Makhleb
Nemelex Xobeh
Okawaru
Qazlal
Ru
Sif Muna
Trog
Uskayaw
Vehumet
Wu Jian
Xom
Yredelemnul
Zin
The Shining One
Beogh
Jiyva
Lugonu

Shops:
D [}?%[:[=[%}%*:!((??

Annotations:
D exclusion: 4 doors


Innate Abilities, Weirdness & Mutations

You can spit globs of acid.
You are resistant to acid.
Your golden yellow scales are hard. (AC +9)
You cannot fit into any form of body armour.
You have acidic saliva.
You are cold-blooded and may be slowed by cold attacks.
Your tail ends in a poisonous barb.
You are agile. (Dex +2)
Your flesh is cold resistant. (rC+)
You passively map a small area around you.
Your spells are a little easier to cast, but a little less powerful.


Message History

You kill the golden dragon!
Trog accepts your kill.
You can now call in reinforcements.
Your Maces & Flails skill increases to level 24!
Your Dodging skill increases to level 21!
You are engulfed in poison gas.
You are more poisoned.
* * * LOW HITPOINT WARNING * * *
x2 You feel very sick.
Unknown command.
You are engulfed in poison gas.
You are more poisoned.
* * * LOW HITPOINT WARNING * * *
x2 You feel very sick.
Unknown command.
You hammer the vault guard like a gong!!!
You kill the vault guard!
Trog accepts your kill.
You are engulfed in poison gas.
You are more poisoned.
You die...

#≈≈≈≈##..##.#*,, ,#p≈≈≈≈#
≈≈........#.# , , ,#.≈≈≈≈#
#≈≈≈≈##..##.# ,,#.≈≈§.#
#....+......#* , , #≈≈≈≈≈#
############# , #.≈...#
########### , , , #...§§#
....+...≈≈# * , ,#..).§#
....#%..≈≈####################'#
....#...≈≈≈≈##.§@)§§.§§...§§..)#
....#...≈≈≈≈##.#######§..§.§...#
....#.......##§§§§§§§#§§.§.§...#
....#..)....########§#..§.§....#
....#.......##.=.)...#.........#
....############+###############
####### * #.#.#...#[$§§§"%≈(#
'.≈≈≈§# ##.#....#§§§§≈≈§≈≈#
#.≈≈≈≈# ≈#.#.#...#§§§§§§§§.#


There were no monsters in sight!

Vanquished Creatures
  Frederick (D)
  A golden dragon (D)
  Rupert (D)
  2 liches (D)
  2 quicksilver dragons (D)
  2 sphinxes (D)
  Chuck (D)
  Dowan (D)
  A stone giant (D)
  A dire elephant (D)
  A deep elf demonologist (D)
  3 deep elf annihilators (D)
  A spark wasp (shapeshifter) (D)
  A deep elf death mage (D)
  2 mummy priests (D)
  A yaktaur captain (D)
  7 vault guards (D)
  A fire dragon (D)
  2 hydras (D)
  An anaconda (shapeshifter) (D)
  A centaur warrior (D)
  3 anacondas (D)
  A two-headed ogre (shapeshifter) (D)
  4 dancing weapons (D)
  An orc high priest (D)
  Urug (D)
  An iron golem (D)
  3 hell knights (D)
  2 skeletal warriors (D)
  3 death drakes (D)
  An obsidian statue (D)
  A spriggan druid (D)
  An orange crystal statue (D)
  An orc knight (D)
  4 crystal guardians (D)
  An orc sorcerer (D)
  A deep elf mage (D)
  4 ugly things (D)
  A guardian serpent (D)
  A black mamba (D)
  An elephant (D)
  Duvessa (D)
  A rime drake (D)
  6 guardian mummies (D)
  3 wandering mushrooms (D)
  4 spriggan defenders (D)
  A tyrant leech (D)
  A hornet (D)
  5 slime creatures (D)
  5 blink frogs (D)
  2 dream sheep (shapeshifter) (D)
  3 redbacks (D)
  2 spriggans (D)
  A shadow (D)
  A spatial vortex (D)
  A water moccasin (D)
  A floating eye (shapeshifter) (D)
  A necrophage (D)
  A swamp drake (D)
  2 orc warriors (D)
  4 two-headed ogres (D)
  A water elemental (D)
  8 killer bees (D)
  An electric eel (D)
  An orc priest (D)
  A jelly (D)
  Jessica (D)
  A wizard (D)
  2 necromancers (D)
  3 orc wizards (D)
  2 humans (D)
  A kobold demonologist (D)
  A wolf (D)
  3 adders (D)
  5 orcs (D)
  3 rats (D)
  8 bushes (D)
  3 butterflies (D)
  19 plants (D)
180 creatures vanquished.

Vanquished Creatures (collateral kills)
  A deep elf blademaster (D)
  2 shadow dragons (D)
  Gastronok (D)
  A nagaraja (D)
  A dire elephant (D)
  A deep elf death mage (D)
  An ogre mage (D)
  Erolcha (D)
  3 vault guards (D)
  A naga warrior (D)
  4 death yaks (D)
  A deep elf knight (D)
  A hell knight (D)
  A lindwurm (D)
  4 deep elf magi (D)
  An elephant (D)
  6 black mambas (D)
  2 spiny frogs (D)
  A two-headed ogre (D)
  A komodo dragon (D)
  A queen bee (D)
  A tyrant leech (D)
  3 blink frogs (D)
  2 redbacks (D)
  A human (D)
  2 nagas (D)
  4 water moccasins (D)
  An orc warrior (D)
  24 killer bees (D)
  2 orc wizards (D)
  An adder (D)
  An orc (D)
78 creatures vanquished.

Vanquished Creatures (others)
  2 draconian scorchers (D)
  6 hellions (D)
  3 yaktaurs (D)
  3 orc high priests (D)
  A hornet (D)
  An orc priest (D)
  13 plants (D)
29 creatures vanquished.

Grand Total: 287 creatures vanquished

Notes
Turn   | Place    | Note
-------+----------+-------------------------------------------
     0 | D        | Kidiri the Draconian Berserker began the quest for the Orb.
     0 | D        | Reached XP level 1. HP: 19/19 MP: 1/1
    26 | D        | Noticed Jessica
    29 | D        | Killed Jessica
    29 | D        | Reached ** piety under Trog
    29 | D        | Reached skill level 4 in Fighting
    29 | D        | Reached XP level 2. HP: 28/28 MP: 2/2
    59 | D        | Reached skill level 5 in Fighting
    59 | D        | Reached skill level 5 in Maces & Flails
    59 | D        | Reached XP level 3. HP: 30/36 MP: 3/3
   103 | D        | Killed a hellion
   104 | D        | Killed a hellion
   105 | D        | Killed a hellion
   106 | D        | Killed a hellion
   121 | D        | Killed a hellion
   127 | D        | Killed a hellion
   136 | D        | Gained mutation: You passively map a small area around you. [potion of mutation]
   136 | D        | Gained mutation: You occasionally shout uncontrollably at your foes. [potion of mutation]
   136 | D        | Gained mutation: You are clumsy. (Dex -2) [potion of mutation]
   136 | D        | Gained mutation: Your tail ends in a poisonous barb. [potion of mutation]
   138 | D        | Killed a yaktaur
   149 | D        | Killed a white draconian scorcher
   160 | D        | Lost mutation: You occasionally shout uncontrollably at your foes. [potion of mutation]
   160 | D        | Lost mutation: Your tail ends in a poisonous barb. [potion of mutation]
   160 | D        | Lost mutation: You are clumsy. (Dex -2) [potion of mutation]
   160 | D        | Gained mutation: You expend magic power (3 MP) to strengthen your wands. [potion of mutation]
   160 | D        | Gained mutation: Your body sometimes deteriorates upon taking damage. [potion of mutation]
   160 | D        | Gained mutation: You have a pair of small antennae on your head. [potion of mutation]
   175 | D        | Lost mutation: You expend magic power (3 MP) to strengthen your wands. [potion of mutation]
   175 | D        | Lost mutation: Your body sometimes deteriorates upon taking damage. [potion of mutation]
   175 | D        | Lost mutation: You passively map a small area around you. [potion of mutation]
   175 | D        | Lost mutation: You have a pair of small antennae on your head. [potion of mutation]
   175 | D        | Gained mutation: You passively map a small area around you. [potion of mutation]
   175 | D        | Gained mutation: Your flesh is cold resistant. (rC+) [potion of mutation]
   175 | D        | Gained mutation: You are agile. (Dex +2) [potion of mutation]
   226 | D        | Noticed a water elemental
   232 | D        | Killed a water elemental
   232 | D        | Reached *** piety under Trog
   232 | D        | Reached skill level 6 in Fighting
   232 | D        | Reached skill level 5 in Dodging
   232 | D        | Reached XP level 4. HP: 25/45 MP: 4/4
   269 | D        | Killed a white draconian scorcher
   407 | D        | Found a radiant altar of Vehumet.
   407 | D        | Found a deep blue altar of Sif Muna.
   407 | D        | Found an ancient bone altar of Kikubaaqudgha.
   407 | D        | Noticed a wizard
   409 | D        | Reached **** piety under Trog
   409 | D        | Killed a wizard
   409 | D        | Reached ***** piety under Trog
   409 | D        | Reached skill level 7 in Fighting
   409 | D        | Reached XP level 5. HP: 52/52 MP: 5/5
   598 | D        | Found a glowing silver altar of Zin.
   598 | D        | Found a glowing golden altar of the Shining One.
   598 | D        | Found a white marble altar of Elyvilon.
   598 | D        | Noticed a deep elf mage
   607 | D        | Killed a deep elf mage
   607 | D        | Reached skill level 9 in Fighting
   607 | D        | Reached skill level 1 in Stealth
   607 | D        | Reached XP level 6. HP: 54/64 MP: 6/6
   623 | D        | Found an ornate altar of the Wu Jian Council.
   623 | D        | Found a roughly hewn altar of Beogh.
   623 | D        | Found an iron altar of Okawaru.
   623 | D        | Found a bloodstained altar of Trog.
   623 | D        | Found a hide-covered altar of Uskayaw.
   623 | D        | Noticed a human
   627 | D        | Noticed a human
   630 | D        | Killed a human
   633 | D        | Killed a human
   633 | D        | Reached skill level 10 in Fighting
   633 | D        | Your scales start taking on a golden yellow colour.
   633 | D        | Reached XP level 7. HP: 62/72 MP: 7/7
   677 | D        | Found a basalt altar of Yredelemnul.
   677 | D        | Found a shadowy altar of Dithmenos.
   677 | D        | Found a sacrificial altar of Ru.
   687 | D        | Reached skill level 10 in Maces & Flails
   714 | D        | Noticed a shadow
   717 | D        | Killed a shadow
   717 | D        | Reached skill level 11 in Fighting
   719 | D        | Received a gift from Trog
   739 | D        | Found a blossoming altar of Fedhas.
   739 | D        | Found a stormy altar of Qazlal.
   739 | D        | Found a snail-covered altar of Cheibriados.
   739 | D        | Found a burning altar of Makhleb.
   739 | D        | Found a shimmering altar of Xom.
   739 | D        | Noticed a spatial vortex
   740 | D        | Found a hazy altar of Hepliaklqana.
   740 | D        | Found an opulent altar of Gozag.
   740 | D        | Found a sparkling altar of Nemelex Xobeh.
   740 | D        | Found a corrupted altar of Lugonu.
   740 | D        | Found a viscous altar of Jiyva.
   747 | D        | Killed a spatial vortex
   770 | D        | Reached XP level 8. HP: 69/81 MP: 8/8
   913 | D        | Noticed a two-headed ogre
   917 | D        | Killed a two-headed ogre
   917 | D        | Reached skill level 12 in Fighting
   917 | D        | Reached skill level 1 in Throwing
  1040 | D        | Noticed a two-headed ogre
  1040 | D        | Noticed Erolcha
  1045 | D        | Killed Erolcha
  1045 | D        | Reached skill level 10 in Dodging
  1047 | D        | Killed a two-headed ogre
  1047 | D        | Reached XP level 9. HP: 58/91 MP: 9/9
  1190 | D        | Reached skill level 13 in Fighting
  1282 | D        | Received a gift from Trog
  1293 | D        | Received a gift from Trog
  1293 | D        | Reached ****** piety under Trog
  1306 | D        | Received a gift from Trog
  1311 | D        | Noticed a queen bee
  1320 | D        | Killed a queen bee
  1419 | D        | Noticed a wandering mushroom
  1450 | D        | Killed a wandering mushroom
  1450 | D        | Reached skill level 14 in Fighting
  1451 | D        | Noticed a wandering mushroom
  1453 | D        | Noticed a wandering mushroom
  1708 | D        | Received a gift from Trog
  1812 | D        | Killed a wandering mushroom
  1812 | D        | Reached skill level 5 in Throwing
  1821 | D        | Noticed a spiny frog
  1821 | D        | Noticed a komodo dragon
  1821 | D        | Noticed a spiny frog
  1828 | D        | Killed a spiny frog
  1828 | D        | Received a gift from Trog
  1828 | D        | Reached XP level 10. HP: 103/103 MP: 3/10
  1830 | D        | Killed a spiny frog
  2118 | D        | Noticed a lindwurm
  2122 | D        | Killed a lindwurm
  2200 | D        | Received a gift from Trog
  2202 | D        | Noticed Urug
  2215 | D        | Killed Urug
  2215 | D        | Reached skill level 15 in Fighting
  2381 | D        | Received a gift from Trog
  2474 | D        | Received a gift from Trog
  2570 | D        | Noticed Rupert
  2582 | D        | Killed Rupert
  2582 | D        | Reached skill level 16 in Fighting
  2582 | D        | Reached skill level 15 in Maces & Flails
  2582 | D        | Reached XP level 11. HP: 114/114 MP: 11/11
  2591 | D        | Noticed an azure jelly
  2591 | D        | Noticed an azure jelly
  2591 | D        | Noticed an azure jelly
  2591 | D        | Noticed an azure jelly
  2630 | D        | Noticed a death yak
  2631 | D        | Noticed a death yak
  2632 | D        | Noticed a death yak
  2636 | D        | Noticed a death yak
  2636 | D        | Killed a death yak
  2639 | D        | Killed a death yak
  2641 | D        | Killed a death yak
  2643 | D        | Killed a death yak
  2645 | D        | Received a gift from Trog
  2663 | D        | Received a gift from Trog
  2772 | D        | Noticed a death drake
  2779 | D        | Killed a death drake
  3038 | D        | Noticed a dire elephant
  3038 | D        | Noticed a dire elephant
  3038 | D        | Noticed Gastronok
  3046 | D        | Killed a dire elephant
  3046 | D        | Reached skill level 17 in Fighting
  3050 | D        | Killed a dire elephant
  3054 | D        | HP: 5/117 [Gastronok/the air (9)]
  3055 | D        | Received a gift from Trog
  3056 | D        | Killed Gastronok
  3425 | D        | Noticed a four-headed hydra
  3425 | D        | Noticed an eight-headed hydra
  3435 | D        | Killed an eight-headed hydra
  3441 | D        | Killed a four-headed hydra
  3441 | D        | Reached skill level 15 in Dodging
  3441 | D        | Reached XP level 12. HP: 57/127 MP: 12/12
  3750 | D        | Noticed an orc high priest
  3751 | D        | Received a gift from Trog
  3759 | D        | Received a gift from Trog
  3765 | D        | Found Johoucy's Antique Armour Shoppe.
  3765 | D        | Received a gift from Trog
  3770 | D        | Received a gift from Trog
  3783 | D        | Killed an orc high priest
  3783 | D        | Reached skill level 18 in Fighting
  3793 | D        | Received a gift from Trog
  3868 | D        | Bought a pair of glowing boots for 195 gold pieces
  3868 | D        | Bought the +3 pair of gauntlets of War {Slay+5} for 1235 gold pieces
  3868 | D        | Found the +3 pair of gauntlets of War {Slay+5}
  4008 | D        | Received a gift from Trog
  4030 | D        | Noticed a deep elf annihilator
  4104 | D        | Noticed a deep elf death mage
  4105 | D        | Noticed a deep elf annihilator
  4118 | D        | Noticed a deep elf death mage
  4435 | D        | Received a gift from Trog
  4442 | D        | Received a gift from Trog
  4472 | D        | Noticed an anaconda
  4475 | D        | Killed an anaconda
  4475 | D        | Reached skill level 10 in Throwing
  4484 | D        | Received a gift from Trog
  4583 | D        | Noticed an anaconda
  4584 | D        | Noticed an anaconda
  4592 | D        | Killed an anaconda
  4592 | D        | Received a gift from Trog
  4598 | D        | Killed an anaconda
  4861 | D        | Noticed a naga warrior
  4861 | D        | Noticed a nagaraja
  4865 | D        | Found Dutticabbu's Food Shop.
  4865 | D        | Found Fuczui's Antique Armour Shoppe.
  4868 | D        | Killed a naga warrior
  4872 | D        | Killed a nagaraja
  4872 | D        | Received a gift from Trog
  4872 | D        | Reached skill level 19 in Fighting
  4875 | D        | Found Tiyzxatie's Book Boutique.
  5227 | D        | Bought a cloak for 126 gold pieces
  5241 | D        | Received a gift from Trog
  5251 | D        | Got a serpentine rune of Zot
  5307 | D        | Found a blossoming altar of Fedhas.
  5340 | D        | Received a gift from Trog
  5482 | D        | Found Ufeadif's Antique Armour Shoppe.
  5482 | D        | Found Lumn's Gadget Boutique.
  5482 | D        | Found Aqibekh's Magic Scroll Emporium.
  5617 | D        | Noticed a deep elf demonologist
  5619 | D        | Noticed a deep elf blademaster
  5633 | D        | Noticed a deep elf annihilator
  5640 | D        | Killed a deep elf demonologist
  5659 | D        | Killed a ghostly deep elf demonologist
  5659 | D        | Reached XP level 13. HP: 64/138 MP: 7/13
  5890 | D        | Killed a deep elf death mage
  6179 | D        | Killed a deep elf annihilator
  6181 | D        | Killed a deep elf annihilator
  6378 | D        | Killed a deep elf death mage
  6576 | D        | Killed a deep elf annihilator
  6576 | D        | Received a gift from Trog
  6585 | D        | Killed a ghostly deep elf death mage
  6585 | D        | Received a gift from Trog
  6854 | D        | Killed a ghostly deep elf death mage
  6854 | D        | Reached skill level 20 in Fighting
  6858 | D        | Killed a deep elf blademaster
  6869 | D        | Got a scorched long sword {flame}
  6890 | D        | Got a fabulously ornate robe
  6944 | D        | Got a fine marble ring
  6944 | D        | Got a heavily runed bronze ring
  6948 | D        | Got an ichor-stained ring mail
  6951 | D        | Identified the +5 long sword of Sin {flame, *Drain MR+++ Dex+2 Stlth+} (You took it off a deep elf annihilator in the Dungeon)
  6958 | D        | Identified the ring of the Komtur {rF+ rC+ MR+ Dex+2} (You found it in the Dungeon)
  6960 | D        | Identified the ring "Gicsadoy" {rC+ Str+2 Dex+3} (You found it in the Dungeon)
  7066 | D        | Noticed Dowan
  7066 | D        | Noticed Duvessa
  7078 | D        | Killed Duvessa
  7082 | D        | Killed Dowan
  7082 | D        | Received a gift from Trog
  7918 | D        | Found Pyqaffec's Assorted Antiques.
  7918 | D        | Found Xamorupa's Distillery.
  7918 | D        | Found Kenge's Magic Scroll Shoppe.
  7918 | D        | Found Jikhits's Food Boutique.
  7918 | D        | Found Dykomaha's Book Emporium.
  7918 | D        | Found Zuasch's Magic Scroll Shop.
  7918 | D        | Found Enli's Weapon Emporium.
  7918 | D        | Found Etusuth's Antique Weapon Boutique.
  7919 | D        | Found Sesolig's Gadget Boutique.
  7919 | D        | Found Oceroosu's Food Shoppe.
  7919 | D        | Found Sijatobb's Antique Armour Shop.
  7919 | D        | Found Hefes's Jewellery Emporium.
  8127 | D        | Reached skill level 21 in Fighting
  8170 | D        | Received a gift from Trog
  8267 | D        | Got a fine great mace
  8268 | D        | Identified the cursed +0 great mace of Bofi {crush, rF+ rC- rN+ Dex+3} (You found it in the Dungeon)
  8296 | D        | Received a gift from Trog
  8314 | D        | Noticed a fire dragon
  8318 | D        | Killed a fire dragon
  8318 | D        | Received a gift from Trog
  8393 | D        | Received a gift from Trog
  8510 | D        | Reached skill level 22 in Fighting
  8677 | D        | Noticed Chuck
  8691 | D        | Received a gift from Trog
  9295 | D        | Received a gift from Trog
  9295 | D        | Gained mutation: You have acidic saliva. [Yellow Draconian growth]
  9295 | D        | Reached XP level 14. HP: 153/153 MP: 14/14
  9306 | D        | Reached skill level 23 in Fighting
  9356 | D        | Noticed a lich
  9358 | D        | Noticed an Executioner
  9365 | D        | Killed a lich
  9365 | D        | Received a gift from Trog
  9580 | D        | Received a gift from Trog
  9615 | D        | Noticed a sphinx
  9615 | D        | Noticed a sphinx
  9616 | D        | Paralysed by a sphinx for 2 turns
  9621 | D        | Killed a sphinx
  9626 | D        | Killed a sphinx
  9774 | D        | Received a gift from Trog
 10075 | D        | Noticed a reaper
 10443 | D        | Killed Chuck
 10549 | D        | Noticed Frederick
 10559 | D        | Killed Frederick
 10559 | D        | Received a gift from Trog
 10559 | D        | Reached skill level 24 in Fighting
 10596 | D        | Received a gift from Trog
 10603 | D        | Gained mutation: Your tail ends in a poisonous barb. [mutagenic glow]
 10632 | D        | Gained mutation: Your spells are a little easier to cast, but a little less powerful. [mutagenic glow]
 10861 | D        | Noticed a lich
 10869 | D        | Killed a lich
 10957 | D        | Noticed a shadow dragon
 10957 | D        | Noticed a shadow dragon
 10962 | D        | Received a gift from Trog
 10964 | D        | Killed a shadow dragon
 10964 | D        | Received a gift from Trog
 10968 | D        | Killed a shadow dragon
 11071 | D        | Noticed a fire giant
 11092 | D        | Noticed a quicksilver dragon
 11094 | D        | Noticed a stone giant
 11116 | D        | Killed a quicksilver dragon
 11116 | D        | Received a gift from Trog
 11125 | D        | Killed a stone giant
 11125 | D        | Reached skill level 25 in Fighting
 11125 | D        | Reached XP level 15. HP: 134/163 MP: 15/15
 11572 | D        | Noticed a quicksilver dragon
 11579 | D        | Killed a quicksilver dragon
 11579 | D        | Received a gift from Trog
 11841 | D        | Received a gift from Trog
 11859 | D        | Noticed a golden dragon
 11911 | D        | HP: 10/246 [golden dragon (9)]
 11912 | D        | Killed a golden dragon
 11913 | D        | HP: 2/246 [poison (poison gas)]
 11914 | D        | Engulfed by a cloud of poison gas

Vault maps used:
D:        dungeon_sprint_mu

Skill      XL: |  1  2  3  4  5  6  7  8  9 10 11 12 13 14 15 |
---------------+----------------------------------------------+-----
Fighting       | 4 5 6 7 9 10 11 12 14 16 17 19 22 25 | 25.5
Maces & Flails | 4 5 6 9 11 12 13 15 16 18 21 23 24 | 24.0
Dodging        | 3 4 5 7 8 9 10 11 13 15 16 18 20 21 | 21.0
Stealth        | 1 2 |  2.1
Throwing       | 3 5 7 9 10 12 14 | 14.8

Action                   |  1- 3 |  4- 6 |  7- 9 | 10-12 | 13-15 || total
-------------------------+-------+-------+-------+-------+-------++-------
Melee: Mace              |    24 |    11 |    13 |       |       ||    48
       Tailslap          |     2 |     4 |    20 |    58 |    97 ||   181
       Morningstar       |       |       |    43 |       |       ||    43
       Dire flail        |       |       |    47 |    54 |       ||   101
       Great mace        |       |       |       |   177 |   302 ||   479
       Bite              |       |       |       |       |    37 ||    37
Throw: Throwing net      |       |       |     1 |     5 |     1 ||     7
       Javelin           |       |       |       |    25 |    88 ||   113
Invok: Berserk           |     2 |     1 |     1 |     8 |    14 ||    26
       Burn Spellbooks   |       |     1 |       |       |     2 ||     3
       Brothers in Arms  |       |     2 |     5 |    11 |    18 ||    36
 Abil: Breathe Acid      |       |       |     7 |    10 |     5 ||    22
  Use: Potion            |     3 |       |     1 |     2 |     3 ||     9
       Scroll            |       |     2 |       |       |     2 ||     4
 Stab: Sleeping          |     1 |       |       |     2 |     3 ||     6
       Held in net/web   |       |       |     2 |     2 |       ||     4
       Distracted        |       |       |     1 |     1 |       ||     2
  Eat: Bread ration      |       |     1 |       |       |       ||     1
       Chunk             |       |       |     2 |    20 |    17 ||    39
       Royal jelly       |       |       |     2 |     3 |     3 ||     8
       Fruit             |       |       |       |       |     7 ||     7
       Meat ration       |       |       |       |       |     2 ||     2
Armor: Skin              |     5 |     1 |     4 |    39 |    44 ||    93
Dodge: Dodged            |    13 |     7 |    62 |   179 |   211 ||   472

Table legend:
 A = Spawn XP
 B = Non-spawn XP
 C = Spawn XP percentage of total XP
 D = Spawn monster count
 E = Non-spawn monster count
 F = Spawn count percentage of total count
 G = Total turns spent on level
                    A         B        C        D         E        F      G
               +---------+---------+-------+---------+---------+-------+---------
         Total |       0 |  116017 |   0.0 |       0 |     228 |   0.0 | 11914
               +---------+---------+-------+---------+---------+-------+---------
             D |       0 |  116017 |   0.0 |       0 |     228 |   0.0 | 11914
               +---------+---------+-------+---------+---------+-------+---------
